 Dungeon Crawl Stone Soup version 0.18.1-50-g88ac8fd (webtiles) character file.

43 magog001 the Covered (level 3, -4/33 HPs)
             Began as a Minotaur Fighter on May 9, 2019.
             Slain by a gnoll (6 damage)
             ... on level 2 of the Dungeon.
             The game lasted 00:05:08 (811 turns).

magog001 the Covered (Minotaur Fighter)              Turns: 811, Time: 00:05:08

Health: -4/33      AC:  7    Str: 21    XL:     3   Next: 37%
Magic:  2/2        EV:  7    Int:  5    God:
Gold:   61         SH:  9    Dex:  9    Spells: 0 memorised, 2 levels left

rFire  . . .     SeeInvis .     a - +0 war axe
rCold  + . .     Gourm    .     b - +0 scale mail
rNeg   . . .     Faith    .     c - +0 shield
rPois  .         Spirit   .     (helmet restricted)
rElec  .         Dismiss  .     (no cloak)
rCorr  .         Reflect  .     (no gloves)
SustAt +         Harm     .     (no boots)
MR     .....                    (no amulet)
Stlth  ..........               p - ring of protection from cold
                                l - ring of sustain attributes

@: not resistant to hostile enchantments, extremely unstealthy
A: retaliatory headbutt, horns 2
a: no special abilities


You were on level 2 of the Dungeon.
You were not hungry.

You visited 1 branch of the dungeon, and saw 2 of its levels.

You collected 61 gold pieces.

Inventory:

Hand Weapons
 a - a +0 war axe (weapon)
Missiles
 o - 5 tomahawks (quivered)
Armour
 b - a +0 scale mail (worn)
 c - a +0 shield (worn)
Jewellery
 l - a ring of sustain attributes (left hand)
 p - a ring of protection from cold (right hand)
Scrolls
 g - 3 scrolls of identify {unknown}
 j - a scroll of magic mapping {unknown}
 k - 3 scrolls of immolation {unknown}
 m - a scroll of noise {unknown}
 n - a scroll of teleportation {unknown}
 q - a scroll of amnesia {unknown}
Potions
 d - a potion of might
 e - 3 potions of agility {unknown}
 i - a potion of heal wounds {unknown}
Comestibles
 f - 2 bread rations
 h - 3 chunks of flesh


   Skills:
 * Level 4.1 Fighting
 * Level 3.0 Axes
 * Level 4.3 Armour
 * Level 4.1 Shields


You had 2 spell levels left.
You didn't know any spells.

Dungeon Overview and Level Annotations

Branches:
Dungeon (2/15)

Altars:


Innate Abilities, Weirdness & Mutations

You reflexively headbutt those who attack you in melee.
You have a pair of horns on your head.


Message History

You barely miss the gnoll.
The gnoll is heavily wounded.
The gnoll hits you. You block the gnoll's attack. The gnoll barely misses you.
You hit the gnoll. You headbutt the gnoll!
The gnoll is almost dead.
You hit the gnoll but do no damage.
The gnoll is heavily wounded.
You block the gnoll's attack.
The gnoll hits you from afar with a halberd!
The gnoll hits you but does no damage. x2
You closely miss the gnoll.
The gnoll is almost dead.
You hit the gnoll.
The gnoll is severely wounded.
The gnoll hits you from afar with a halberd!
* * * LOW HITPOINT WARNING * * *
You block the gnoll's attack. The gnoll hits you.
* * * LOW HITPOINT WARNING * * *
The gnoll barely misses you. The gnoll hits you.
You die...

#.............#.#...............#
#.............[.....##....[....#
#...................#####.......
##.................#######.......
#................................
#...............#.......###....##
#...............#g......###....##
#...............#g#.....##.......
................@g#......#.......
.......##......####......#.......
.......##................#.......
.......##........................
.......).........................
#######..(.................)...รท.
#...(.....#####....###.#...
#....(....##...###.# #.#...
#......(..##.#. #.# #.#...


You could see 3 gnolls.

Vanquished Creatures
  A gnoll (D:2)
  An adder (D:2)
  A worm (D:2)
  3 giant geckos (D:2)
  3 bats
  3 goblins (D:1)
  A hobgoblin (D:2)
  2 kobolds
  2 giant newts (D:1)
  2 rats (D:2)
19 creatures vanquished.

Notes
Turn   | Place    | Note
--------------------------------------------------------------
     0 | D:1      | magog001 the Minotaur Fighter began the quest for the Orb.
     0 | D:1      | Reached XP level 1. HP: 19/19 MP: 0/0
   465 | D:2      | Reached XP level 2. HP: 27/27 MP: 1/1
   592 | D:2      | Reached XP level 3. HP: 19/33 MP: 2/2
   811 | D:2      | Slain by a gnoll

Skill      XL: |  1  2  3 |
---------------+----------+-----
Armour         | 4 |  4.3
Fighting       | 4 |  4.1
Shields        | 4 |  4.1
Axes           | 3 |  3.0

Action                   || total
-------------------------++-------
Melee: War axe           ||    72
       Headbutt          ||    11
Throw: Tomahawk          ||     3
Armor: Scale mail        ||    24
Dodge: Dodged            ||    17
Block: Shield            ||    37
